 Dungeon Crawl Stone Soup version 0.28-a0-861-ge64d6db94f (webtiles) character file.

Game seed: 7429614178551319441

168039 ragingrage the Impaler (level 17, -5/149 HPs)
             Began as a Merfolk Monk on Nov 15, 2021.
             Was the Champion of Okawaru.
             Slain by a merfolk (21 damage)
             ... on level 3 of the Shoals.
             The game lasted 00:53:12 (33690 turns).

ragingrage the Impaler (Merfolk Monk)              Turns: 33690, Time: 00:53:13

Health: -5/149     AC:  7    Str: 20    XL:     17   Next: 93%
Magic:  12/12      EV: 20    Int: 23    God:    Okawaru [******]
Gold:   2086       SH:  0    Dex: 31    Spells: 16/16 levels left

rFire   + + .      SeeInvis +   a - +3 demon trident of the Hidden Moons {flame, Int+4}
rCold   + + .      Faith    .   Z - +1 kite shield {reflect}
rNeg    . . .      Spirit   .   W - +4 skin of Zhor {*Englaciate rC+++ SInv}
rPois   .          Reflect  +   V - +0 hat of Depression {Harm MP-9 Dex+10}
rElec   .          Harm     +   R - scarf {+Inv}
rCorr   .          Rampage  .   d - +0 pair of gloves {Stlth+}
Will    +....                   (boots currently unavailable)
Stlth   +++++.....              E - amulet of regeneration
HPRegen 1.34/turn               O - ring of Xom's Full Attention {rF+ Str+4 Dex+4}
MPRegen 0.13/turn               p - ring of Midnight {Fire Int+8}

@: held, very quick
A: nimble swimmer 2, mertail
a: Renounce Religion, Evoke Invisibility, Heroism, Finesse, Duel


You were on level 3 of the Shoals.
You worshipped Okawaru.
Okawaru was exalted by your worship.
You visited 6 branches of the dungeon, and saw 31 of its levels.
You also visited: Gauntlet and Ice Cave.

You collected 2594 gold pieces.
You spent 508 gold pieces at shops.

Inventory:

Hand Weapons
 a - the +3 demon trident of the Hidden Moons (weapon) {flame, Int+4}
   (Okawaru gifted it to you on level 5 of the Lair of Beasts)

   It burns those it strikes, dealing additional fire damage.
   Int:       It affects your intelligence (+4).
 b - a +0 glaive of flaming
 o - a +2 demon trident of flaming
Missiles
 s - 39 poisoned darts (quivered)
 C - 17 javelins
 F - 3 boomerangs
 H - 6 curare-tipped darts
 K - 20 atropa-tipped darts
 T - 6 throwing nets
 X - 17 silver javelins
 Y - 5 datura-tipped darts
Armour
 d - a +0 pair of gloves of stealth (worn)
 m - a +2 pair of boots of flying
 B - the +0 cloak of Cocytus {rC+++ Regen+ rCorr Str-3}
   (Okawaru gifted it to you on level 2 of the Orcish Mines)

   Str:       It affects your strength (-3).
   rC:        It renders you almost immune to cold.
   Regen:     It increases your rate of health regeneration.
   rCorr:     It protects you from acid and corrosion.
 R - a scarf of invisibility (worn)
 V - the +0 hat of Depression (worn) {Harm MP-9 Dex+10}
   (Okawaru gifted it to you on level 12 of the Dungeon)

   Dex:       It affects your dexterity (+10).
   MP:        It affects your magic capacity (-9).
   Harm:      It increases damage dealt and taken.
 W - the +4 skin of Zhor (worn) {*Englaciate rC+++ SInv}
   (You found it on level 6 of the Lair of Beasts)

   It radiates cold, occasionally slowing all nearby creatures who are not
   resistant to cold.
   rC:        It renders you almost immune to cold.
   SInv:      It lets you see invisible.
 Z - a +1 kite shield of reflection (worn)
Jewellery
 p - the ring of Midnight (right hand) {Fire Int+8}
   (You found it in a Gauntlet)

   [ring of fire]

   It enhances your fire magic.
   Int:       It affects your intelligence (+8).
   rF:        It protects you from fire.
   rC:        It makes you vulnerable to cold.
 E - an amulet of regeneration (around neck)
 O - the ring of Xom's Full Attention (left hand) {rF+ Str+4 Dex+4}
   (You found it on level 2 of the Lair of Beasts)

   [ring of protection from fire]

   Str:       It affects your strength (+4).
   Dex:       It affects your dexterity (+4).
   rF:        It protects you from fire.
Wands
 c - a wand of iceblast (34)
 v - a wand of digging (17)
 w - a wand of flame (36)
 M - a wand of paralysis (17)
Scrolls
 g - a scroll of fog
 h - a scroll of magic mapping
 i - 5 scrolls of immolation
 j - 6 scrolls of enchant armour
 n - 18 scrolls of teleportation
 r - 9 scrolls of identify
 t - a scroll of vulnerability
 y - 2 scrolls of fear
 A - a scroll of silence
 I - 6 scrolls of blinking
 N - 3 scrolls of brand weapon
 P - 5 scrolls of enchant weapon
 S - 4 scrolls of amnesia
Potions
 e - 6 potions of curing
 f - 3 potions of ambrosia
 k - 5 potions of resistance
 l - 8 potions of heal wounds
 q - 5 potions of lignification
 u - 11 potions of flight
 x - 4 potions of might
 z - 3 potions of attraction
 J - 3 potions of cancellation
 L - 3 potions of mutation
 Q - a potion of invisibility
 U - a potion of haste
Miscellaneous
 D - a lightning rod (4/4)
 G - a piece from Xom's chessboard (15/15)


   Skills:
 + Level 18.0 Fighting
 - Level 20.0 Polearms
 + Level 11.5 Throwing
 - Level 5.0 Armour
 + Level 17.7 Dodging
 + Level 2.3 Stealth
 - Level 9.0 Shields
 - Level 6.1 Invocations
 + Level 11.2 Evocations


You had 16 spell levels left.
You didn't know any spells.
Your spell library contained the following spells:

 Spells                   Type           Power      Damage    Failure   Level
 Shock                    Conj/Air       0%         1d3       32%         1
 Blink                    Tloc           0%         N/A       45%         2
 Conjure Flame            Conj/Fire      0%         6-21      69%         3
 Dazzling Flash           Conj/Hex       0%         N/A       69%         3
 Frozen Ramparts          Ice            0%         1d2       69%         3
 Gell's Gravitas          Tloc           0%         N/A       69%         3
 Ignite Poison            Fire/Tmut/Pois 0%         N/A       69%         3
 Lesser Beckoning         Tloc           0%         N/A       69%         3
 Mephitic Cloud           Conj/Pois/Air  0%         N/A       69%         3
 Ozocubu's Armour         Ice            0%         N/A       69%         3
 Stone Arrow              Conj/Erth      0%         3d7       69%         3
 Swiftness                Air            0%         N/A       69%         3
 Teleport Other           Tloc           0%         N/A       69%         3
 Airstrike                Air            0%         N/A       97%         4
 Hailstorm                Conj/Ice       0%         3d3       97%         4
 Ice Form                 Ice/Tmut       0%         N/A       97%         4
 Sticky Flame             Conj/Fire      0%         2d3       97%         4
 Agony                    Necr           0%         N/A       100%        5
 Freezing Cloud           Conj/Ice/Air   0%         6-21      100%        5
 Manifold Assault         Tloc           0%         N/A       100%        5
 Silence                  Hex/Air        0%         N/A       100%        5
 Dispersal                Tloc           0%         N/A       100%        6
 Orb of Destruction       Conj           0%         N/A       100%        7
 Ozocubu's Refrigeration  Ice            0%         4d5       100%        7
 Storm Form               Tmut/Air       0%         N/A       100%        7
 Lehudib's Crystal Spear  Conj/Erth      0%         10d2      100%        8
 Maxwell's Capacitive Co  Air            0%         ∞         100%        8
 Summon Guardian Golem    Hex/Summ       Unusable   N/A       N/A         3
 Animate Armour           Summ/Erth      Unusable   N/A       N/A         4
 Summon Ice Beast         Ice/Summ       Unusable   N/A       N/A         4
 Summon Lightning Spire   Summ/Air       Unusable   N/A       N/A         4
 Simulacrum               Ice/Necr       Unusable   N/A       N/A         6
 Spellforged Servitor     Conj/Summ      Unusable   N/A       N/A         7

Dungeon Overview and Level Annotations

Branches:
Dungeon (15/15)            Temple (0/1) D:7            Lair (6/6) D:9
 Shoals (3/4) Lair:3       Spider (4/4) Lair:4        Slime (1/5) Lair:5
    Orc (2/2) D:10            Elf (0/3) Orc:2        Vaults (0/5) D:13
 Depths (0/4) D:15          IceCv (visited)         Gauntlet (visited)

Altars:
Hepliaklqana
Kikubaaqudgha
Makhleb
Okawaru
Qazlal
Ru
Trog
Vehumet
Wu Jian
Xom
Yredelemnul
Beogh
Jiyva
Lugonu

Shops:
D:6 (   D:15 [   Orc:2 [::?   Shoals:3 :

Portals:
Abyss: Lair:6
Bazaar: D:11

Annotations:
D:13 2 transporters, exclusion: obsidian statue, ASSMAN's ghost, adept GnAr
Shoals:3 3 runed translucent doors


Innate Abilities, Weirdness & Mutations

You are quick and stealthy near water. (Stealth+, EV+, Speed+++)
Your lower body shifts to a powerful aquatic tail in water.


Message History

Unknown command.
You cannot attack while held in a net.
Unknown command.
You cannot attack while held in a net.
Unknown command.
You tear a large gash into the net.
You radiate an aura of cold.
The merfolk seems to slow down.
The merfolk impaler resists.
The merfolk seems to slow down.
The merfolk impaler hits you from afar with a +2 trident of pain!!
The merfolk throws a boomerang.
The boomerang closely misses you.
A snapping turtle comes into view.
The merfolk impaler hits you from afar with a +2 trident of pain!
You writhe in agony.
* * * LOW HITPOINT WARNING * * *
You struggle against the net.
The merfolk impaler hits you from afar with a +2 trident of pain!
* * * LOW HITPOINT WARNING * * *
The merfolk hits you from afar with a +0 trident!!
* * * LOW HITPOINT WARNING * * *
You feel much better.
The merfolk impaler closely misses you. x2
Press: ? - help, Dir - move target, f - merfolk, p - merfolk impaler
Aim: a merfolk, wielding a +0 trident and quivering boomerangs (moderately wounded, slow)
The merfolk is not worthy to be dueled!
Press: ? - help, Dir - move target, f - merfolk impaler, p - merfolk
Aim: a merfolk impaler, wielding a +2 trident of pain and wearing a +0 leather armour (severely wounded)
You fail to use your ability.
The merfolk impaler hits you from afar with a +2 trident of pain!!
* * * LOW HITPOINT WARNING * * *
You writhe in agony.
* * * LOW HITPOINT WARNING * * *
The merfolk throws a boomerang.
The boomerang hits you.
* * * LOW HITPOINT WARNING * * *
The merfolk impaler closely misses you.
You feel much better.
The merfolk is no longer moving slowly.
The merfolk impaler hits you from afar with a +2 trident of pain!
* * * LOW HITPOINT WARNING * * *
You writhe in agony.
* * * LOW HITPOINT WARNING * * *
The merfolk hits you from afar with a +0 trident!!
You die...

#....)........
#.)............≈.....≈≈
###.....)...........#.≈≈
#..................≈≈.≈≈
#.≈........#....t:..≈≈≈≈
..≈≈≈..≈..##..≈....≈≈≈≈≈
...≈..≈......^≈.mm≈≈≈≈≈≈
.................)m≈≈≈≈≈
........#.###...@))≈≈≈≈≈
).≈.....#####..≈≈≈≈≈≈≈≈≈
..≈........#...≈≈≈≈≈≈≈≈≈
...............≈≈≈≈≈≈≈≈≈
.............≈≈≈≈≈≈≈≈≈≈≈
......≈≈≈≈..≈≈≈≈≈≈≈≈≈≈≈≈
...≈≈≈≈≈≈≈≈≈≈≈≈≈≈≈≈≈≈≈≈≈
...≈≈≈≈≈≈≈≈≈≈≈≈≈≈≈≈≈≈≈≈≈
..≈≈≈≈≈≈≈≈≈≈≈≈≈≈≈≈≈≈≈≈≈


You could see a merfolk impaler, a snapping turtle (wandering) and 2 merfolk.

Vanquished Creatures
  Arachne (Spider:2)
  Jorgrun (Spider:1)
  Mlioglotl (Spider:2)
  An Ice Fiend (IceCv)
  Kirke (Spider:2)
  A fire giant (D:15)
  4 emperor scorpions
  Nessos (Lair:4)
  2 entropy weavers
  A minotaur (Gauntlet)
  A merfolk impaler (Shoals:2)
  Fannar (Arena)
  A yaktaur captain (D:11)
  An ice dragon (D:14)
  An ogre mage (Orc:2)
  2 vault guards (D:13)
  4 boulder beetles
  7 hydras
  Erolcha (Orc:2)
  2 catoblepae
  2 satyrs
  3 merfolk aquamancers
  5 merfolk avatars
  3 centaur warriors (D:15)
  4 two-headed ogres
  A death scarab (Gauntlet)
  6 death yaks
  3 thrashing horrors (Lair:6)
  Sonja (D:10)
  A fire crab (Gauntlet)
  Nergalle (Orc:2)
  A flayed ghost (D:11)
  7 sea snakes
  A bog body (IceCv)
  14 harpies
  An obsidian statue (IceCv)
  An orange crystal statue (IceCv)
  4 deep elf pyromancers
  3 orc knights
  16 orb spiders
  7 ugly things
  10 orc sorcerers
  An oklob plant (Shoals:2)
  18 wolf spiders
  A cyclops (D:11)
  12 manticores
  8 fauns
  2 moths of wrath
  2 salamanders (shapeshifter)
  2 black mambas
  16 elephants
  An elephant (shapeshifter) (D:13)
  2 torpor snails (Lair:6)
  4 merfolk sirens
  A water nymph (Shoals:2)
  An ice statue (D:11)
  A gargoyle (D:12)
  2 smoke demons (Lair:6)
  3 kobold demonologists
  Maggie (D:7)
  8 cane toads
  4 ice devils (IceCv)
  4 yaktaurs (D:15)
  4 rime drakes
  8 komodo dragons
  9 demonic crawlers
  2 anaconda simulacra (IceCv)
  7 freezing wraiths (IceCv)
  18 merfolk
  An entropy weaver simulacrum (IceCv)
  2 tengu conjurers (D:13)
  A golden dragon simulacrum (IceCv)
  2 trolls
  2 ancient zymes (Lair:6)
  A troll (shapeshifter) (D:11)
  34 jumping spiders
  2 polar bears
  3 hornets
  8 slime creatures
  20 blink frogs
  2 large abominations (Lair:6)
  2 wind drakes
  7 snapping turtles
  44 redbacks
  A spriggan (Lair:6)
  4 spriggan simulacra (IceCv)
  A shadow (D:12)
  A ynoxinul (Gauntlet)
  18 tarantellas
  5 wyverns
  41 yaks
  5 fire bats (Gauntlet)
  A vampire (D:14)
  4 hogs (Spider:2)
  6 water elementals
  8 basilisks
  A human (shapeshifter) (Lair:6)
  12 humans
  3 wraiths (D:11)
  10 small abominations (Lair:6)
  2 chaos spawn (Lair:6)
  4 minotaur simulacra (IceCv)
  A steam dragon (D:9)
  2 wargs (Orc:2)
  8 vampire mosquitoes (D:12)
  17 water moccasins
  A harpy simulacrum (IceCv)
  A hydra simulacrum (IceCv)
  A hell hound (Gauntlet)
  A spectral torpor snail (Gauntlet)
  A hornet zombie (D:7)
  An alligator simulacrum (IceCv)
  An ice beast (D:7)
  A black bear (shapeshifter) (Lair:6)
  20 orc warriors
  2 black bears
  2 necrophages
  6 ogres
  6 wolves (Lair:3)
  8 centaurs
  A phantom (D:4)
  A kobold brigand (D:8)
  9 bullfrogs
  A scorpion (D:6)
  4 gnoll sergeants
  A deep troll simulacrum (IceCv)
  A wyvern zombie (D:6)
  3 killer bees (D:9)
  4 electric eels
  7 howler monkeys
  4 centaur zombies
  2 jellies
  A hound (D:6)
  10 orc priests
  3 iron imps (Gauntlet)
  2 gnoll shamans
  An iguana (D:5)
  34 orc wizards
  A hell rat (D:9)
  A killer bee zombie (D:6)
  2 howler monkey zombies
  22 gnolls
  10 adders
  A howler monkey skeleton (D:7)
  3 white imps
  An ufetubus (D:6)
  A worm (D:3)
  64 orcs
  7 endoplasms
  2 giant cockroaches (D:2)
  10 goblins
  9 hobgoblins
  2 jackals (D:4)
  10 quokkas
  4 ball pythons
  3 bats
  3 frilled lizards
  10 kobolds
  4 rats
  A spectral hobgoblin (D:4)
870 creatures vanquished.

Vanquished Creatures (others)
  2 jumping spiders
  An orc wizard (Orc:2)
  A bush (D:8)
  A demonic plant (Gauntlet)
  30 fungi
  65 plants
  A withered plant (D:15)
101 creatures vanquished.

Grand Total: 971 creatures vanquished

Notes
Turn   | Place    | Note
-------+----------+-------------------------------------------
     0 | D:1      | ragingrage the Merfolk Monk began the quest for the Orb.
     0 | D:1      | Reached XP level 1. HP: 18/18 MP: 1/1
   267 | D:1      | Found a faded altar of an unknown god.
   283 | D:1      | Reached skill level 5 in Polearms
   286 | D:1      | Reached XP level 2. HP: 24/24 MP: 2/2
  1246 | D:2      | Reached skill level 6 in Polearms
  1246 | D:2      | Reached XP level 3. HP: 22/29 MP: 3/3
  1798 | D:2      | Reached skill level 7 in Polearms
  1798 | D:2      | Reached XP level 4. HP: 33/35 MP: 4/4
  1903 | D:2      | You fall into a shaft and drop 1 floor!
  2771 | D:3      | Found an iron altar of Okawaru.
  2781 | D:3      | Became a worshipper of Warmaster Okawaru
  2781 | D:3      | Reached * piety under Okawaru
  2781 | D:3      | Reached ** piety under Okawaru
  3196 | D:3      | Reached skill level 8 in Polearms
  3196 | D:3      | Reached XP level 5. HP: 23/41 MP: 5/5
  3571 | D:4      | Found a hazy altar of Hepliaklqana.
  3620 | D:4      | Noticed a phantom
  3649 | D:4      | Killed a phantom
  3650 | D:4      | Reached skill level 9 in Polearms
  4169 | D:4      | Reached XP level 6. HP: 24/47 MP: 6/6
  4574 | D:4      | Found a burning altar of Makhleb.
  4574 | D:4      | Noticed an Executioner
  4657 | D:5      | Entered Level 5 of the Dungeon
  5054 | D:5      | Reached skill level 10 in Polearms
  5289 | D:5      | Noticed a black bear
  5302 | D:5      | Killed a black bear
  5303 | D:5      | Reached skill level 11 in Polearms
  5303 | D:5      | Reached XP level 7. HP: 39/52 MP: 4/7
  5852 | D:6      | Found Viut's Antique Weapon Shoppe.
  6366 | D:6      | Reached skill level 12 in Polearms
  6502 | D:6      | Reached skill level 1 in Invocations
  6547 | D:6      | Found an ornate altar of the Wu Jian Council.
  6632 | D:6      | Reached *** piety under Okawaru
  6633 | D:6      | Reached skill level 1 in Shields
  6633 | D:6      | Reached XP level 8. HP: 54/60 MP: 7/9
  7038 | D:6      | Reached skill level 5 in Fighting
  7038 | D:6      | Reached skill level 5 in Dodging
  7400 | D:6      | Bought a glowing glaive for 209 gold pieces
  7416 | D:7      | Found a staircase to the Ecumenical Temple.
  7560 | D:7      | Noticed Maggie
  7684 | D:7      | Reached skill level 1 in Throwing
  7924 | D:7      | Killed Maggie
  7924 | D:7      | Reached **** piety under Okawaru
  7925 | D:7      | Reached XP level 9. HP: 69/69 MP: 9/11
  8350 | D:7      | Noticed a green ugly thing
  8395 | D:7      | Killed a green ugly thing
  9568 | D:8      | Reached ***** piety under Okawaru
  9715 | D:8      | Found a stormy altar of Qazlal.
  9786 | D:8      | Reached XP level 10. HP: 58/80 MP: 11/13
  9804 | D:8      | Reached skill level 5 in Invocations
  9851 | D:8      | HP: 3/82 [yak (11)]
 10236 | D:8      | Received a gift from Okawaru
 10272 | D:8      | Found a bloodstained altar of Trog.
 10517 | D:8      | Found a shimmering altar of Xom.
 10607 | D:8      | Found a basalt altar of Yredelemnul.
 10685 | D:8      | Reached skill level 5 in Shields
 10927 | D:9      | Noticed a death yak
 11044 | D:9      | Noticed a kobold demonologist
 11052 | D:9      | Found a staircase to the Lair.
 11052 | D:9      | Noticed a death yak
 11063 | D:9      | Killed a kobold demonologist
 11100 | D:9      | Killed a death yak
 11101 | D:9      | Reached skill level 1 in Armour
 11117 | D:9      | Noticed a death yak
 11143 | D:9      | Killed a death yak
 11160 | D:9      | Killed a death yak
 11161 | D:9      | Reached skill level 5 in Throwing
 11161 | D:9      | Reached XP level 11. HP: 29/90 MP: 13/15
 11931 | D:9      | Reached skill level 10 in Fighting
 12280 | D:10     | Entered Level 10 of the Dungeon
 12515 | D:10     | Reached skill level 13 in Polearms
 12769 | D:10     | Noticed Sonja
 12781 | D:10     | Killed Sonja
 13196 | D:10     | Received a gift from Okawaru
 13291 | D:10     | Found a staircase to the Orcish Mines.
 13350 | D:10     | Noticed a two-headed ogre
 13368 | D:10     | Killed a two-headed ogre
 13368 | D:10     | Received a gift from Okawaru
 13673 | Lair:1   | Entered Level 1 of the Lair of Beasts
 15015 | Lair:2   | Identified the ring of Xom's Full Attention {rF+ Str+4
                  | Dex+4}
 15144 | Lair:2   | Reached skill level 10 in Dodging
 15414 | Lair:2   | Received a gift from Okawaru
 15415 | Lair:2   | Reached XP level 12. HP: 100/100 MP: 16/16
 15591 | Lair:2   | Identified the ring of Freedom {Fly Int+8}
 15926 | Lair:3   | Noticed a five-headed hydra
 16036 | Lair:3   | Reached skill level 14 in Polearms
 16082 | Lair:3   | Received a gift from Okawaru
 16130 | Lair:3   | You are sucked into a shaft and drop 1 floor!
 16305 | Lair:3   | Identified the +0 spear "Noonk" {vamp, Drain +Blink Str-4
                  | Dex+8} (Okawaru gifted it to you on level 3 of the Lair of
                  | Beasts)
 16305 | Lair:3   | Received a gift from Okawaru
 16310 | Lair:3   | Reached ****** piety under Okawaru
 16594 | Lair:3   | Found a staircase to the Shoals.
 16662 | Lair:3   | Identified the +3 scale mail of Siuku {+Blink Str-5 Stlth+}
 16677 | Lair:3   | Killed a one-headed hydra
 17341 | Lair:4   | Noticed Nessos
 17569 | Lair:4   | Found a hole to the Spider Nest.
 17630 | Lair:4   | Killed Nessos
 17874 | Lair:4   | Received a gift from Okawaru
 18157 | Lair:5   | Reached skill level 15 in Polearms
 18167 | Lair:5   | Reached XP level 13. HP: 40/111 MP: 17/17
 18180 | Lair:5   | Reached skill level 5 in Armour
 18277 | Lair:5   | Identified the +11 hunting sling "Jijodewa" {vorpal, rPois
                  | rN++ MP+9 Dex-4} (Okawaru gifted it to you on level 5 of
                  | the Lair of Beasts)
 18277 | Lair:5   | Received a gift from Okawaru
 18321 | Lair:5   | Found a staircase to the Slime Pits.
 18322 | Lair:5   | Found a viscous altar of Jiyva.
 18987 | Lair:6   | Entered Level 6 of the Lair of Beasts
 19528 | Lair:6   | Found the +4 skin of Zhor {*Englaciate rC+++ SInv}
 19602 | Lair:5   | Identified the +3 demon trident of the Hidden Moons {flame,
                  | Int+4} (Okawaru gifted it to you on level 5 of the Lair of
                  | Beasts)
 19602 | Lair:5   | Received a gift from Okawaru
 19614 | Lair:5   | Reached skill level 16 in Polearms
 20029 | Lair:6   | Reached skill level 15 in Fighting
 20246 | Lair:6   | Identified the +5 trident "Moyng" {protect, *Rage rElec
                  | rN+} (Okawaru gifted it to you on level 6 of the Lair of
                  | Beasts)
 20246 | Lair:6   | Received a gift from Okawaru
 20271 | Lair:6   | Reached skill level 17 in Polearms
 20271 | Lair:6   | Reached XP level 14. HP: 119/123 MP: 18/18
 20530 | Lair:6   | Reached skill level 18 in Polearms
 20610 | Lair:6   | Found a corrupted altar of Lugonu.
 20610 | Lair:6   | Found a one-way gate to the infinite horrors of the Abyss.
 21261 | Orc:1    | Entered Level 1 of the Orcish Mines
 21261 | Orc:1    | Noticed Fannar
 21286 | Arena    | Entered the Arena
 21288 | Arena    | Killed Fannar
 21599 | Slime:1  | Entered Level 1 of the Pits of Slime
 21599 | Slime:1  | Noticed an azure jelly
 21669 | Lair:6   | Received a gift from Okawaru
 21672 | Lair:6   | Reached skill level 19 in Polearms
 22171 | Orc:2    | Entered Level 2 of the Orcish Mines
 22171 | Orc:2    | Found a staircase to the Elven Halls.
 22183 | Orc:2    | Identified the +0 cloak of Cocytus {rC+++ Regen+ rCorr
                  | Str-3} (Okawaru gifted it to you on level 2 of the Orcish
                  | Mines)
 22183 | Orc:2    | Received a gift from Okawaru
 22788 | Orc:2    | Reached skill level 20 in Polearms
 22926 | Orc:2    | Reached skill level 1 in Evocations
 23127 | Orc:2    | Found Utoa's Book Boutique.
 23181 | Orc:2    | Found an ancient bone altar of Kikubaaqudgha.
 23181 | Orc:2    | Noticed Nergalle
 23248 | Orc:2    | Found a radiant altar of Vehumet.
 23248 | Orc:2    | Noticed Erolcha
 23265 | Orc:2    | Killed Erolcha
 23400 | Orc:2    | Killed Nergalle
 23421 | Orc:2    | Found Wismoklu's Magic Scroll Shop.
 23444 | Orc:2    | Found Pakouq's Antique Armour Boutique.
 23466 | Orc:2    | Found Erhutiybb's Book Shop.
 23468 | Orc:2    | Bought a scroll of teleportation for 45 gold pieces
 23468 | Orc:2    | Bought a scroll of enchant weapon for 112 gold pieces
 23468 | Orc:2    | Bought a scroll of fear for 52 gold pieces
 23468 | Orc:2    | Bought a scroll of identify for 30 gold pieces
 23468 | Orc:2    | Bought a scroll of identify for 30 gold pieces
 23468 | Orc:2    | Bought a scroll of identify for 30 gold pieces
 23728 | D:11     | Found a gateway to a bazaar.
 24195 | D:11     | Reached XP level 15. HP: 64/129 MP: 19/19
 24529 | D:12     | Identified the +0 hat of Depression {Harm MP-9 Dex+10}
                  | (Okawaru gifted it to you on level 12 of the Dungeon)
 24529 | D:12     | Received a gift from Okawaru
 24965 | D:12     | Found an iron altar of Okawaru.
 25328 | D:13     | Found a gate to the Vaults.
 25380 | D:13     | Reached skill level 5 in Evocations
 25496 | D:13     | Found a transporter.
 25496 | D:13     | Found a transporter.
 25612 | D:13     | Noticed ASSMAN's ghost (adept GnAr)
 25617 | D:13     | Noticed a tengu reaver
 25906 | D:14     | Found a frozen archway.
 25921 | IceCv    | Entered an ice cave
 26294 | IceCv    | Noticed an Ice Fiend
 26298 | IceCv    | Killed an Ice Fiend
 26318 | IceCv    | Identified the +1 ice dragon scales "Filim" {rF- rC++
                  | Dex+2}
 26343 | IceCv    | Received a gift from Okawaru
 26566 | D:14     | You are sucked into a shaft and drop 1 floor!
 26566 | D:15     | Entered Level 15 of the Dungeon
 26566 | D:15     | Noticed a fire giant
 26566 | D:15     | Found a staircase to the Depths.
 26585 | D:15     | Found a gate leading to a gauntlet.
 26590 | Gauntlet | Entered a Gauntlet
 26590 | Gauntlet | Found a transporter.
 26590 | Gauntlet | Found a transporter.
 26593 | Gauntlet | Found a transporter.
 26597 | Gauntlet | Found a transporter.
 26597 | Gauntlet | Found a transporter.
 26617 | Gauntlet | Found a transporter.
 26629 | Gauntlet | Found a transporter.
 26633 | Gauntlet | Found a transporter.
 26642 | Gauntlet | Found a transporter.
 26658 | Gauntlet | Found a transporter.
 26678 | Gauntlet | Found a transporter.
 26682 | Gauntlet | Found a transporter.
 26897 | Gauntlet | Identified the ring of Midnight {Fire Int+8}
 26934 | Gauntlet | Identified the +3 arbalest "Beastslayer" {flame, rC+}
 27005 | D:15     | Killed a fire giant
 27039 | D:15     | Found Puasm's Armour Shop.
 27219 | D:15     | Reached skill level 15 in Dodging
 27267 | D:15     | Reached XP level 16. HP: 138/138 MP: 11/20
 27644 | D:14     | Received a gift from Okawaru
 28496 | Spider:1 | Entered Level 1 of the Spider Nest
 28699 | Spider:1 | Noticed Jorgrun
 28717 | Lair:4   | HP: 6/139 [demonic crawler (10)]
 28879 | Spider:1 | Killed Jorgrun
 28920 | Spider:1 | Received a gift from Okawaru
 29006 | Lair:4   | Received a gift from Okawaru
 29687 | Spider:2 | Noticed Kirke
 29695 | Spider:2 | Killed Kirke
 29964 | Spider:2 | Noticed Arachne
 29985 | Spider:2 | Killed Arachne
 30484 | Spider:2 | Noticed Mlioglotl
 30498 | Spider:2 | Killed Mlioglotl
 30775 | Spider:3 | Reached skill level 10 in Throwing
 30816 | Spider:3 | Reached XP level 17. HP: 147/147 MP: 12/21
 30862 | Spider:3 | Received a gift from Okawaru
 30972 | Spider:3 | Reached skill level 10 in Evocations
 31434 | Spider:3 | HP: 5/137 [emperor scorpion (8)]
 31437 | Spider:3 | HP: 1/137 [emperor scorpion (10)]
 31675 | Spider:4 | Entered Level 4 of the Spider Nest
 31817 | Shoals:1 | Entered Level 1 of the Shoals
 31847 | Shoals:1 | Received a gift from Okawaru
 31882 | Shoals:1 | Received a gift from Okawaru
 32760 | Shoals:2 | Found a sacrificial altar of Ru.
 33560 | Shoals:3 | Found Vapaal's Book Emporium.
 33605 | Shoals:3 | Found a runed translucent gate.
 33606 | Shoals:3 | Found a runed translucent gate.
 33607 | Shoals:3 | Found a runed translucent gate.
 33689 | Shoals:3 | HP: 7/149 [merfolk impaler (2)]
 33689 | Shoals:3 | HP: 1/149 [merfolk/boomerang (6)]
 33690 | Shoals:3 | Slain by a merfolk

Illustrated notes

Levels and vault maps discovered:
D:1:      kennysheep_arrival_seaside, layout_rooms, basic_ecumenical_altar
D:2:      layout_basic
D:3:      layout_loops_ring, nicolae_overflow_crystal_walls,
          minmay_increasing_density
D:4:      layout_basic, nicolae_hepliaklqana_monster_ancestors,
          makhleb_altar_promises_db, serial_glass, glass_columns_a,
          glass_columns_a
D:5:      layout_basic
D:6:      layout_rooms, nzn_wu_jian_contemplation, serial_shops, shop
D:7:      layout_basic, minmay_temple_entry_tees, st_stairs_7,
          chequers_decorated_corner, centaur_isle, uniq_maggie
D:8:      layout_rooms, mainiacjoe_overflow_alcove_1, grunt_qazlal_clouds,
          minitemple, kennysheep_boxes
D:9:      layout_gridville, dpeg_lair_monsters
D:10:     layout_stronghold, david_orc_4, kennysheep_generic_room_4, uniq_sonja
D:11:     nzn_winding_woodlands_cross
          [nzn_winding_woodlands_5x15_river_crossing,
          nzn_winding_woodlands_5x15_sawtooth,
          nzn_winding_woodlands_5x15_default, nzn_winding_woodlands_5x15_garden,
          nzn_winding_woodlands_15x15_thick_spiral], layout_basic, serial_shops,
          statue_bzr
D:12:     layout_loops_ring, serial_bayou_pond_e, kennysheep_okawaru_gauntlet
D:13:     layout_gridville, ximxim_vaults_locker_room, nzn_ghost_randoct
D:14:     nicolae_whirlpool, layout_basic, portal_ice_cave_entry_dragon,
          kennysheep_flooded_box
D:15:     grunt_enter_depths_giant_problem, layout_loops_cross,
          gauntlet_entry_generic, serial_bayou_pond_e, serial_shops,
          nicolae_shop_competitors_out_of_business, argonaut_gorgonesque
Lair:1:   layout_layer_cave, infiniplex_staircase_pool, grunt_megastairs_2
Lair:2:   layout_regular_city
Lair:3:   layout_concentric_octagons, elwin_shoals_entry_stream
Lair:4:   layout_cave_pods, spider_nest_entry_rubble, st_stairs_9,
          lemuel_fruit_tree, uniq_nessos
Lair:5:   layout_regular_city, slime_altar_1, nicolae_quartered_pool_little,
          grunt_megastairs_4
Lair:6:   hellmonk_lair_end_abyssal_woods, layout_long_grid,
          hellmonk_guarded_unrand_zhor, grunt_megastairs_5,
          serial_bayou_shore_b, infiniplex_staircase_pool_2
Shoals:1: cheibrodos_shoals_baths, layout_shoals,
          nicolae_shoals_hidden_pirate_stash
Shoals:2: layout_shoals, lemuel_oklob_altar
Shoals:3: layout_shoals, gammafunk_ghost_necromancy, nicolae_take_the_stairs,
          uniq_ilsuiw
Spider:1: layout_spider_delve, uniq_jorgrun
Spider:2: layout_spider_delve, uniq_arachne, uniq_mlioglotl, uniq_kirke
Spider:3: layout_spider_delve, nicolae_spider_scorpion_nest
Spider:4: guppyfry_spider_rune
Slime:1:  layout_caves
Orc:1:    layout_caves, uniq_fannar
Orc:2:    kennysheep_orc_mage_school, layout_diamond_mine, basic_altar

Skill      XL: |  1  2  3  4  5  6  7  8  9 10 11 12 13 14 15 16 17 |
---------------+----------------------------------------------------+-----
Polearms       | 5 6 7 8 9 11 12 13 15 17 20 | 20.0
Invocations    | 1 3 4 5 6 |  6.1
Fighting       | 4 6 8 9 11 13 15 16 17 18 | 18.0
Shields        | 1 3 4 5 6 7 8 9 |  9.0
Dodging        | 5 7 8 10 11 13 14 15 16 17 | 17.7
Throwing       | 1 3 5 6 7 8 10 11 | 11.5
Armour         | 1 3 4 5 |  5.0
Evocations     | 3 7 9 11 | 11.2
Stealth        | |  2.3

Action                   |  1- 3 |  4- 6 |  7- 9 | 10-12 | 13-15 | 16-18 || total
-------------------------+-------+-------+-------+-------+-------+-------++-------
Melee: Spear             |    98 |   235 |   560 |  1166 |   457 |       ||  2516
       Trident           |       |       |       |    31 |       |       ||    31
       Glaive            |       |       |       |     5 |    16 |     4 ||    25
       Demon trident     |       |       |       |       |  1308 |  1030 ||  2338
       Tailslap          |       |       |       |       |       |    14 ||    14
Throw: Dart              |       |       |       |    13 |     2 |     7 ||    22
       Javelin           |       |       |       |     4 |     3 |       ||     7
Invok: Heroism           |       |     3 |     5 |     6 |       |       ||    14
       Finesse           |       |       |       |       |     1 |     2 ||     3
       Duel              |       |       |       |       |     1 |       ||     1
 Abil: Evoke Invisibilit |       |       |       |       |       |     1 ||     1
Evoke: Wand              |       |     1 |     5 |     6 |       |     1 ||    13
  Use: Scroll            |       |       |     9 |     9 |     4 |     8 ||    30
       Potion            |       |       |       |     1 |       |     6 ||     7
 Stab: Sleeping          |     3 |    10 |     2 |     7 |    10 |    22 ||    54
       Distracted        |     1 |       |     1 |     1 |     4 |     6 ||    13
       Paralysed         |       |       |       |     8 |       |       ||     8
       Invisible         |       |       |       |       |       |     7 ||     7
Armor: Robe              |    11 |    39 |    19 |       |     2 |       ||    71
       Acid dragon scale |       |       |    60 |   162 |   129 |       ||   351
       Animal skin       |       |       |       |       |    96 |   100 ||   196
Dodge: Dodged            |    31 |    89 |   192 |   506 |   920 |   772 ||  2510
Block: Buckler           |    14 |    22 |    81 |   116 |       |       ||   233
       Kite shield       |       |       |       |       |       |   612 ||   612
       Reflection        |       |       |       |       |       |    23 ||    23

Table legend: (Time is in decaauts)
 A = Elapsed time spent in this place.
 B = Non-inter-level travel time spent in this place.
 C = Inter-level travel time spent in this place.
 D = Time resting spent in this place.
 E = Time spent auto-exploring this place.
 F = Levels seen in this place.
 G = Mean time per level.
                   A        B        C        D        E       F      G
               +--------+--------+--------+--------+--------+-----+--------+
         Total |  31366 |  29071 |   2295 |   4197 |  17578 |  34 |  922.5 |
       Dungeon |  17141 |  15975 |   1166 |   3011 |   9891 |  15 | 1142.7 |
          Lair |   7647 |   6867 |    780 |    604 |   4488 |   6 | 1274.5 |
        Shoals |   1487 |   1460 |     27 |     74 |    848 |   3 |  495.7 |
   Spider Nest |   2696 |   2467 |    229 |    224 |   1408 |   4 |  674.0 |
    Slime Pits |      1 |      1 |      0 |      0 |      0 |   1 |    1.0 |
  Orcish Mines |   1541 |   1450 |     91 |    119 |    877 |   2 |  770.5 |
      Ice Cave |    449 |    449 |      0 |    121 |     65 |   1 |  449.0 |
      Gauntlet |    370 |    370 |      0 |     22 |      0 |   1 |  370.0 |
         Arena |     31 |     31 |      0 |     20 |      0 |   1 |   31.0 |
               +--------+--------+--------+--------+--------+-----+--------+

Top non-repeatable levels by time:
     D:7: 1902 daAuts
  Lair:6: 1743 daAuts
    D:10: 1642 daAuts
     D:5: 1389 daAuts
Spider:2: 1386 daAuts
     D:9: 1377 daAuts
     D:8: 1361 daAuts
  Lair:1: 1310 daAuts
     D:6: 1270 daAuts
  Lair:4: 1257 daAuts
     D:2: 1247 daAuts
     D:3: 1220 daAuts
  Lair:3: 1201 daAuts
     D:4: 1183 daAuts
   Orc:2: 1088 daAuts
